[Event "Titled Tuesday Blitz March 21 Early 2023"]
[White "Rastbod, Ali"]
[Black "Shevtchenko, Olesya"]
[WhiteFideId "12567477"]
[BlackFideId "24131890"]
[WhiteElo "2211"]
[BlackElo "2003"]
[Result "1/2-1/2"]
[Round "05"]
[TimeControl "180+2"]
[Date "2023.03.21"]
[WhiteClock "0:00:04"]
[BlackClock "0:00:11"]

1. e4 c6 2. Nf3 d5 3. Nc3 dxe4 4. Nxe4 Nf6 5. Qe2 Nxe4 6. Qxe4 Qd5 7. Qh4 Qe6+ 8. Be2 Qg6 9. O-O Qxc2 10. Bc4 e6 11. d3 Qa4 12. b3 Qa5 13. Bd2 Qd8 14. Bg5 Be7 15. d4 h6 16. Bxe7 Qxe7 17. Qg3 Qf6 18. Ne5 Nd7 19. f4 O-O 20. Rad1 Nxe5 21. fxe5 Qg5 22. Qf2 c5 23. h4 Qh5 24. Be2 Qf5 25. Qe3 Qc2 26. Bd3 Qb2 27. dxc5 Bd7 28. Qe4 g6 29. Qf4 Bc6 30. Rd2 Qc3 31. Bc4 h5 32. Rdf2 Rad8 33. Qg5 Qd4 34. Kh2 Kg7 35. Bxe6 Be8 36. Qf6+ Kh7 37. Bc4 Rc8 38. e6 Qxf6 39. Rxf6 Rxc5 40. exf7 Bb5 41. Bxb5 Rxb5 42. Rd6 Kg7 43. Rd7 a5 44. Rf4 b6 45. g3 Re5 46. Rf2 Rf5 47. Rxf5 gxf5 48. Rb7 Rxf7 49. Rxb6 Rd7 50. a4 Rd5 51. Rb5 Rd2+ 52. Kg1 Rd3 53. Kf2 Kf6 54. Kg2 Rc3 55. Kf2 Rd3 56. Rb8 Ke5 57. Re8+ Kf6 58. Re3 Rd2+ 59. Kf3 Rb2 60. Rc3 Ke5 61. Rc5+ Kf6 62. Rb5 Rb1 63. Kf2 Rb2+ 64. Ke3 Rg2 65. Kf3 Rb2 66. Kf4 Rf2+ 67. Ke3 Rg2 68. Kd4 Rxg3 69. Kc4 f4 70. Rxa5 f3 71. Ra8 Rg4+ 72. Kc3 Rf4 73. Rf8+ Ke5 74. Re8+ Kf5 75. Re1 f2 76. Rf1 Kg4 77. a5 Kxh4 78. a6 Kg3 79. b4 Rf3+ 80. Kc4 Ra3 81. b5 h4 82. Kb4 Ra2 83. Kb3 Ra5 84. Kb4 Ra2 85. Kb3 Kg2 86. Kxa2 Kxf1 87. a7 Ke1 88. a8=Q f1=Q 89. Qe4+ Qe2+ 90. Qxe2+ Kxe2 91. b6 h3 92. b7 h2 93. b8=Q h1=Q 94. Qb5+ Kd2 95. Qd7+ Kc3 96. Qg7+ Kc2 97. Qg6+ Kc3 98. Qg3+ Kc2 99. Qb3+ Kd2 100. Qb4+ Kd3 101. Qb5+ Kc3 102. Qc5+ Kd3 103. Qd6+ Kc3 104. Qc7+ Kd3 105. Qd8+ Kc4 106. Qc8+ Kd4 107. Qd8+ 1/2-1/2


[Site "https://www.chess.com"]

[Event "Titled Tuesday Blitz March 21 Early 2023"]
[White "Berezin, Viktor"]
[Black "Mogirzan, Matei-Valeriu"]
[WhiteFideId "14107872"]
[BlackFideId "1257455"]
[WhiteElo "2310"]
[BlackElo "1733"]
[Result "1-0"]
[Round "05"]
[TimeControl "180+2"]
[Date "2023.03.21"]
[WhiteClock "0:00:20"]
[BlackClock "0:00:05"]

1. d4 Nf6 2. c4 Nc6 3. Nf3 g6 4. g3 Bg7 5. Bg2 d6 6. O-O O-O 7. Nc3 a6 8. Bf4 Nh5 9. Be3 e5 10. dxe5 dxe5 11. Qxd8 Rxd8 12. Rfd1 Be6 13. Nd5 Rac8 14. Rac1 h6 15. Nd2 f5 16. Nb3 f4 17. Nc5 Bg4 18. gxf4 exf4 19. Nxf4 Nxf4 20. Bxf4 Bxb2 21. Bd5+ Rxd5 22. cxd5 Bxc1 23. Bxc1 Ne5 24. f3 Bh3 25. Bxh6 b6 26. Nxa6 Ra8 27. Nb4 Ra4 28. Rb1 Bf5 29. Rb3 Nc4 30. e4 Bd7 31. Bf4 Na5 32. Rb1 Ra3 33. Kf2 Nc4 34. Rc1 b5 35. Rc2 Ra4 36. Nd3 Na3 37. Rxc7 Bh3 38. Kg3 Bf1 39. Ne5 Nc4 40. Nxg6 Rxa2 41. Kh4 Rg2 42. Bg3 Nd2 43. Ne5 Be2 44. d6 Nxf3+ 45. Nxf3 Bxf3 46. d7 1-0


[Site "https://www.chess.com"]

[Event "Titled Tuesday Blitz March 21 Early 2023"]
[White "ArtemDyachuk"]
[Black "Shuvalov, Evgenij"]
[BlackFideId "4187237"]
[WhiteElo "2369"]
[BlackElo "2080"]
[Result "1-0"]
[Round "05"]
[TimeControl "180+2"]
[Date "2023.03.21"]
[WhiteClock "0:00:05"]
[BlackClock "0:00:14"]

1. Nf3 Nf6 2. c4 g6 3. Nc3 d5 4. cxd5 Nxd5 5. g3 Bg7 6. Bg2 O-O 7. O-O c5 8. Qc2 Nc6 9. a3 c4 10. Rd1 Nxc3 11. bxc3 Bf5 12. Qa2 Rc8 13. Bb2 Na5 14. Nd4 Bxd4 15. cxd4 Nb3 16. e4 Bg4 17. f3 Nxa1 18. Bxa1 Bd7 19. Rb1 b5 20. Bc3 a5 21. f4 Rb8 22. h4 Bg4 23. f5 gxf5 24. d3 cxd3 25. Qd2 b4 26. axb4 axb4 27. Ba1 Qc7 28. h5 Qxg3 29. Qg5+ Kh8 30. h6 Rg8 31. d5+ f6 32. Bxf6+ exf6 33. Qxf6+ Rg7 34. Qxg7# 1-0


[Site "https://www.chess.com"]

[Event "Titled Tuesday Blitz March 21 Early 2023"]
[White "Arias, Juan Cruz"]
[Black "Fule, Simon"]
[WhiteFideId "118540"]
[BlackFideId "787515"]
[WhiteElo "2243"]
[BlackElo "2368"]
[Result "0-1"]
[Round "05"]
[TimeControl "180+2"]
[Date "2023.03.21"]
[WhiteClock "0:00:08"]
[BlackClock "0:00:03"]

1. e4 e5 2. Nc3 Nf6 3. Nf3 Nc6 4. d4 exd4 5. Nxd4 Bb4 6. Nxc6 bxc6 7. Bd3 d5 8. exd5 cxd5 9. O-O O-O 10. Bg5 c6 11. h3 h6 12. Bf4 Bd6 13. Qf3 Rb8 14. b3 Qc7 15. Bxd6 Qxd6 16. Qg3 Qxg3 17. fxg3 Re8 18. Na4 Be6 19. Rac1 Nd7 20. Rfe1 c5 21. c4 d4 22. Kf2 Rec8 23. Be4 Nb6 24. Nb2 a5 25. Nd3 a4 26. g4 Rc7 27. Bf5 Bxf5 28. gxf5 axb3 29. axb3 Nd7 30. Rb1 Rcb7 31. Nc1 f6 32. Ra1 Ne5 33. Rd1 Kf7 34. Ra5 Rc8 35. Rd2 Ke7 36. Rda2 Kd6 37. Ke2 Nc6 38. Ra6 Re8+ 39. Kd2 Kc7 40. Ra1 Nb4 41. Ra7 Re3 42. Rxb7+ Kxb7 43. Ra5 Re5 44. Rb5+ Kc6 45. Rb8 Rxf5 46. Ke2 Re5+ 47. Kd2 Rg5 48. g4 h5 49. Rc8+ Kd7 50. Rg8 hxg4 51. h4 Rg6 52. Ne2 g3 53. Ng1 g2 54. h5 Rg3 55. h6 Rd3+ 56. Ke2 gxh6 57. Rg6 Ke6 58. Rxh6 Rxb3 59. Rg6 d3+ 60. Ke3 Rb1 61. Rxg2 Re1+ 62. Kf4 f5 63. Nf3 Rf1 64. Rg6+ Kf7 65. Ke3 Rxf3+ 0-1


[Site "https://www.chess.com"]

[Event "Titled Tuesday Blitz March 21 Early 2023"]
[White "Mirzanurov, Bulat"]
[Black "Do Nascimento,Christian Almeida"]
[WhiteFideId "4184521"]
[BlackFideId "2143801"]
[WhiteElo "2019"]
[BlackElo "2125"]
[Result "1-0"]
[Round "05"]
[TimeControl "180+2"]
[Date "2023.03.21"]
[WhiteClock "0:00:15"]
[BlackClock "0:00:02"]

1. e4 c5 2. Nf3 d6 3. d4 cxd4 4. Nxd4 Nf6 5. f3 g6 6. Nc3 Bg7 7. Be3 O-O 8. Qd2 Nc6 9. O-O-O d5 10. exd5 Nxd5 11. Nxc6 bxc6 12. Bd4 e5 13. Bc5 Be6 14. Ne4 Re8 15. h4 a5 16. g4 a4 17. a3 Nf4 18. Qe1 Qc7 19. h5 Bd5 20. hxg6 fxg6 21. Qh4 h6 22. g5 Bxe4 23. gxh6 Bf8 24. Bxf8 Rxf8 25. fxe4 Kh7 26. Bc4 Rad8 27. Qg5 Rd4 28. Rxd4 exd4 29. Qc5 Rd8 30. Rd1 Qd6 31. Qxd6 Rxd6 32. e5 Rd8 33. Rf1 g5 34. Rd1 Kxh6 35. c3 c5 36. Bb5 g4 37. Bxa4 g3 38. Bc6 Kg5 39. e6 Nxe6 40. a4 Rd6 41. Bb7 Rb6 42. Bd5 Nf4 43. Be4 Re6 44. Bb7 dxc3 45. bxc3 Re2 46. a5 Ra2 47. a6 Ne2+ 48. Kb1 Nxc3+ 49. Kc1 Nb5 50. Rd5+ Kf4 51. Rxc5 Na7 52. Rc4+ Ke3 53. Rc3+ Kf2 54. Rf3+ Ke2 55. Rxg3 Nb5 56. Rg2+ Kd3 57. Rxa2 1-0


[Site "https://www.chess.com"]

[Event "Titled Tuesday Blitz March 21 Early 2023"]
[White "Kozin, Yuri"]
[Black "Mrudul Dehankar"]
[WhiteFideId "4129920"]
[BlackFideId "25096990"]
[WhiteElo "2527"]
[BlackElo "2139"]
[Result "1-0"]
[Round "05"]
[TimeControl "180+2"]
[Date "2023.03.21"]
[WhiteClock "0:00:07"]
[BlackClock "0:00:03"]

1. e4 c6 2. d4 d5 3. exd5 cxd5 4. c4 Nf6 5. Nc3 Nc6 6. Bg5 Be6 7. Be2 Qa5 8. c5 g6 9. Bxf6 exf6 10. Bf3 Rd8 11. Ne2 Bh6 12. O-O O-O 13. a3 Qc7 14. b4 a6 15. Qb3 Qd7 16. a4 g5 17. g3 Rfe8 18. b5 Na5 19. Qb4 Nc4 20. Bg2 a5 21. Qb3 Nd2 22. Qc2 Nxf1 23. Rxf1 Bf5 24. Qd2 Be4 25. Bxe4 dxe4 26. d5 Qh3 27. d6 Re5 28. Nd5 Qe6 29. Nec3 Bg7 30. Rd1 Kh8 31. b6 h6 32. Nb5 f5 33. Nbc7 Qd7 34. Qxa5 Qc6 35. Qb4 Kh7 36. a5 f4 37. a6 bxa6 38. b7 Rb8 39. Rb1 e3 40. fxe3 fxe3 41. Qc4 e2 42. Re1 Bf8 43. Rxe2 Rxe2 44. Qxe2 Qxc5+ 45. Kg2 Bxd6 46. Qe4+ Kg7 47. Ne8+ Kf8 48. Nef6 Rxb7 49. Qe8+ Kg7 50. Qg8# 1-0


[Site "https://www.chess.com"]

[Event "Titled Tuesday Blitz March 21 Early 2023"]
[White "Buscar, Michael"]
[Black "Quinones Garcia, Santiago"]
[WhiteFideId "2603616"]
[BlackFideId "4408497"]
[WhiteElo "2010"]
[BlackElo "2263"]
[Result "0-1"]
[Round "05"]
[TimeControl "180+2"]
[Date "2023.03.21"]
[WhiteClock "0:00:37"]
[BlackClock "0:01:17"]

1. d4 Nf6 2. c4 g6 3. Nc3 d5 4. cxd5 Nxd5 5. e4 Nxc3 6. bxc3 Bg7 7. Bc4 c5 8. Ne2 Nc6 9. Be3 O-O 10. O-O Qc7 11. Rc1 Rd8 12. Qc2 b6 13. Rfd1 Na5 14. Bd5 Bb7 15. Bxb7 Nxb7 16. Bf4 Qc6 17. d5 Qd7 18. c4 e5 19. Be3 Nd6 20. f3 f5 21. Bg5 Rf8 22. Qd3 fxe4 23. fxe4 Qg4 24. Be7 Nxe4 25. Bxf8 Rxf8 26. Ng3 Nf2 27. Qe2 Qxe2 28. Nxe2 Nxd1 29. Rxd1 Bh6 30. Rd3 e4 31. Rh3 Bg7 32. Re3 Re8 33. Ra3 Re7 34. g3 Bd4+ 35. Kg2 Kf8 36. Nf4 Ke8 37. Ne6 Rf7 38. h4 e3 39. Nf4 Rxf4 40. gxf4 e2 0-1


[Site "https://www.chess.com"]

[Event "Titled Tuesday Blitz March 21 Early 2023"]
[White "koncheto"]
[Black "Ovezdurdyyeva, Jemal"]
[BlackFideId "14001888"]
[WhiteElo "2505"]
[BlackElo "2043"]
[Result "1-0"]
[Round "05"]
[TimeControl "180+2"]
[Date "2023.03.21"]
[WhiteClock "0:01:09"]
[BlackClock "0:00:45"]

1. e4 d6 2. d4 Nf6 3. Bd3 g6 4. f4 Bg7 5. Nf3 c6 6. O-O b5 7. c3 O-O 8. Be3 Nbd7 9. e5 dxe5 10. fxe5 Nd5 11. Qe2 f6 12. h4 fxe5 13. h5 Nxe3 14. Qxe3 exd4 15. cxd4 Rf6 16. hxg6 hxg6 17. Nc3 Nf8 18. Ne4 Re6 19. Kh1 Qd5 20. Nfg5 Bxd4 21. Qh3 Re5 22. Rxf8+ Kxf8 23. Qh8+ Qg8 24. Rf1+ Rf5 25. Nh7+ Kf7 26. Neg5+ 1-0


[Site "https://www.chess.com"]

[Event "Titled Tuesday Blitz March 21 Early 2023"]
[White "Sanchez Alvares, Kelvin Antonio"]
[Black "Manon-og, Ramon Jr."]
[WhiteFideId "3906680"]
[BlackFideId "5200776"]
[WhiteElo "2217"]
[BlackElo "2334"]
[Result "1-0"]
[Round "05"]
[TimeControl "180+2"]
[Date "2023.03.21"]
[WhiteClock "0:00:44"]
[BlackClock "0:00:01"]

1. e4 c5 2. Nf3 d6 3. d4 cxd4 4. Nxd4 Nf6 5. Nc3 a6 6. Bg5 e6 7. f4 Nbd7 8. Qf3 Be7 9. O-O-O Qc7 10. g4 b5 11. h4 Bb7 12. Bxf6 Nxf6 13. g5 Nd7 14. Bd3 Nc5 15. Kb1 b4 16. Nce2 Rc8 17. Ng3 Qb6 18. f5 e5 19. Nb3 a5 20. f6 gxf6 21. gxf6 Bf8 22. Nf5 Rg8 23. Nd2 Nxd3 24. cxd3 Rg6 25. Ne3 Qd4 26. Ndc4 a4 27. Nf5 Qc5 28. Ng7+ Bxg7 29. fxg7 Rxg7 30. Qf6 Rg6 31. Qf5 a3 32. Rhf1 Rc7 33. h5 Rg2 34. Qf6 Qd4 35. Nxd6+ Kd7 36. Qxf7+ Kc6 37. Qxc7+ Kxc7 38. Nb5+ Kb6 39. Nxd4 Rxb2+ 40. Ka1 exd4 41. Rb1 Rd2 42. Rxb4+ Ka5 43. Rb3 Ba6 44. Rxa3+ Kb5 45. Rf5+ Kb4 46. Rxa6 1-0


[Site "https://www.chess.com"]

[Event "Titled Tuesday Blitz March 21 Early 2023"]
[White "Van Osch, Mees"]
[Black "Miszler, Levente"]
[WhiteFideId "1035967"]
[BlackFideId "763276"]
[WhiteElo "2324"]
[BlackElo "2176"]
[Result "1/2-1/2"]
[Round "05"]
[TimeControl "180+2"]
[Date "2023.03.21"]
[WhiteClock "0:00:15"]
[BlackClock "0:00:06"]

1. e4 e6 2. d4 d5 3. e5 f6 4. exf6 Nxf6 5. Nf3 Bd6 6. Bd3 O-O 7. O-O c5 8. dxc5 Bxc5 9. Bg5 Nc6 10. Nc3 h6 11. Bh4 Qd6 12. Nb5 Qe7 13. Re1 a6 14. Nc3 Qc7 15. Bg3 Bd6 16. Bxd6 Qxd6 17. Qe2 Bd7 18. Rad1 Rae8 19. Ne5 Nxe5 20. Qxe5 Qxe5 21. Rxe5 Ng4 22. Re2 Bc6 23. f3 Nf6 24. Rde1 Kf7 25. Nd1 Nd7 26. f4 Ke7 27. Rxe6+ Kd8 28. Rxe8+ Rxe8 29. Rxe8+ Kxe8 30. c3 Ke7 31. Kf2 Nc5 32. Bc2 Ne6 33. Ke3 Kd6 34. Nf2 d4+ 35. cxd4 Bxg2 36. Be4 Bxe4 37. Nxe4+ Kd5 38. Nc3+ Kc4 39. Ne2 Kd5 40. Nc3+ Kc4 41. d5 Nc7 42. d6 Ne6 43. f5 Nd8 44. d7 Kc5 45. f6 gxf6 46. Ne4+ Kd5 47. Nxf6+ Ke6 48. Ng8 h5 49. h4 Kf7 50. Nh6+ Kg6 51. Ng8 Kf7 52. Kf4 Kxg8 53. Kg5 Kf7 54. Kxh5 Ke7 55. Kg6 Ne6 56. Kf5 Kxd7 57. Kf6 Nf4 58. Kg5 Nh3+ 59. Kg4 Nf2+ 60. Kf5 Ke7 61. h5 Kf7 62. Ke5 Nd3+ 63. Kd6 Nxb2 64. Kc7 b5 65. Kb6 b4 66. Kxa6 Kg7 67. Kb5 Nd3 68. Kc4 Nc1 69. Kxb4 Nxa2+ 70. Kb3 Kh6 71. Kxa2 Kxh5 1/2-1/2


[Site "https://www.chess.com"]

[Event "Titled Tuesday Blitz March 21 Early 2023"]
[White "Kopczynski, Michal"]
[Black "Korpics, Zsolt"]
[WhiteFideId "1124200"]
[BlackFideId "705241"]
[WhiteElo "2212"]
[BlackElo "2326"]
[Result "1-0"]
[Round "05"]
[TimeControl "180+2"]
[Date "2023.03.21"]
[WhiteClock "0:00:20"]
[BlackClock "0:00:22"]

1. e4 c5 2. d4 cxd4 3. c3 Nf6 4. Bd3 dxc3 5. Nxc3 d6 6. f4 Nc6 7. Nf3 Bg4 8. O-O g6 9. Kh1 Bg7 10. Qe1 O-O 11. Be3 e6 12. f5 Bxf3 13. gxf3 Ne5 14. Be2 d5 15. fxg6 hxg6 16. Rd1 Qa5 17. Nxd5 Qxe1 18. Nxf6+ Bxf6 19. Rfxe1 Rfd8 20. f4 Nc6 21. e5 Be7 22. Bf3 Bb4 23. Rf1 Kf8 24. Kg2 Ke7 25. a3 Ba5 26. Bc5+ Ke8 27. h4 Rxd1 28. Rxd1 Rd8 29. Bd6 Rd7 30. h5 gxh5 31. Bxh5 Bc7 32. Bc5 Rxd1 33. Bxd1 b6 34. Bf2 Ne7 35. Ba4+ Kf8 36. Kf3 Nd5 37. Ke4 Ne7 38. Bh4 Nf5 39. Bg5 Kg7 40. Kd3 a6 41. Bc6 Kg6 42. Bb7 Bxe5 43. fxe5 Kxg5 44. Bxa6 Kf4 45. Kc4 Kxe5 46. Kb5 Nd6+ 47. Kxb6 f5 48. a4 Kd5 49. a5 f4 50. Bf1 f3 51. a6 f2 52. b4 e5 53. a7 Nc8+ 54. Kb7 Nxa7 55. Kxa7 Kc6 56. b5+ Kc7 57. b6+ Kc6 58. b7 Kc5 59. b8=Q Kd4 60. Qb4+ Ke3 61. Qc3+ Kf4 62. Qd2+ Kg3 63. Qe3+ Kh2 64. Qxf2+ Kh1 65. Qg2# 1-0


[Site "https://www.chess.com"]

[Event "Titled Tuesday Blitz March 21 Early 2023"]
[White "Wahedi, Ahmad Siar"]
[Black "Martinez, Shawn"]
[WhiteFideId "4651260"]
[BlackFideId "2039770"]
[WhiteElo "2457"]
[BlackElo "2174"]
[Result "1-0"]
[Round "05"]
[TimeControl "180+2"]
[Date "2023.03.21"]
[WhiteClock "0:00:47"]
[BlackClock "0:00:02"]

1. e4 c5 2. Nf3 e6 3. c3 Nf6 4. d3 Nc6 5. Be2 Qc7 6. Nbd2 b6 7. O-O Be7 8. Re1 O-O 9. Nf1 d5 10. Ng3 Bb7 11. exd5 Nxd5 12. d4 Rad8 13. Bd3 cxd4 14. cxd4 Nf4 15. Bb1 Nb4 16. Qd2 Nh3+ 17. Kf1 Ba6+ 18. Ne2 Qb7 19. a3 Nd5 20. gxh3 Bd6 21. Qg5 Nf4 22. Bxf4 Qxf3 23. Bxd6 Rxd6 24. Qg4 Qh1+ 25. Qg1 Qf3 26. Qg2 Qb3 27. Qg3 Qd5 28. Bd3 Bb7 29. Nf4 Qxd4 30. Rad1 Kh8 31. Be4 Qc4+ 32. Bd3 Qc6 33. f3 Rfd8 34. Be2 Qc2 35. Rxd6 Rxd6 36. Nh5 Qg6 37. Qxd6 h6 38. Qb8+ Kh7 39. Qxb7 Qxh5 40. Qe4+ f5 41. Qxe6 Qxh3+ 42. Kg1 Qh4 43. Rf1 Qg5+ 44. Kh1 Qd2 45. Rg1 1-0


[Site "https://www.chess.com"]

[Event "Titled Tuesday Blitz March 21 Early 2023"]
[White "Aarav Dengla"]
[Black "Botez, Alexandra"]
[WhiteFideId "45059756"]
[BlackFideId "2603365"]
[WhiteElo "2285"]
[BlackElo "2059"]
[Result "1-0"]
[Round "05"]
[TimeControl "180+2"]
[Date "2023.03.21"]
[WhiteClock "0:00:43"]
[BlackClock "0:00:03"]

1. e4 e6 2. d3 d5 3. Nd2 Nf6 4. g3 c5 5. Bg2 Nc6 6. Ngf3 dxe4 7. dxe4 e5 8. O-O Bd6 9. c3 O-O 10. Qe2 h6 11. Rd1 Qe7 12. Nf1 a6 13. Ne3 b5 14. Nh4 Bc7 15. Nd5 Nxd5 16. exd5 g5 17. d6 Bxd6 18. Bxc6 Rb8 19. Ng2 c4 20. Be3 Kg7 21. Rd2 Bf5 22. Qf3 Bg6 23. Rad1 Rfd8 24. h4 f5 25. hxg5 hxg5 26. Re1 e4 27. Bd4+ Be5 28. Qe3 Qf6 29. Red1 Bxd4 30. Rxd4 Rxd4 31. Qxd4 Rc8 32. Qd7+ Bf7 33. Qxc8 f4 34. gxf4 gxf4 35. Qg4+ Qg6 36. Qxg6+ Kxg6 1-0


[Site "https://www.chess.com"]

[Event "Titled Tuesday Blitz March 21 Early 2023"]
[White "Baches Garcia, Guillermo"]
[Black "Sovetbekova, Nurai"]
[WhiteFideId "2209764"]
[BlackFideId "13801910"]
[WhiteElo "2455"]
[BlackElo "1857"]
[Result "0-1"]
[Round "05"]
[TimeControl "180+2"]
[Date "2023.03.21"]
[WhiteClock "0:00:05"]
[BlackClock "0:00:04"]

1. e4 c5 2. Nf3 d6 3. d4 cxd4 4. Nxd4 Nf6 5. Nc3 a6 6. Be3 e5 7. Nb3 Be6 8. f3 h5 9. Na4 Nbd7 10. c4 Rc8 11. Rc1 Be7 12. Be2 O-O 13. O-O Qc7 14. Qd2 Nc5 15. Nc3 Nxb3 16. axb3 Nd7 17. Nd5 Bxd5 18. Qxd5 Nc5 19. b4 Ne6 20. b5 axb5 21. Qxb5 Ra8 22. Rfd1 Ra5 23. Qb3 Nc5 24. Qc2 Rfa8 25. Bf1 Ra2 26. Qf2 Qb6 27. Rc2 Qb3 28. Bxc5 dxc5 29. Rd3 Qb4 30. g3 Ra1 31. Kg2 R8a2 32. b3 Rxc2 33. Qxc2 Qe1 34. Qf2 Qb1 35. Be2 Qh1+ 36. Kh3 Bf6 37. Rd2 Qc1 38. Bd3 Qc3 39. Qe2 Qxb3 40. Rb2 Qa4 41. f4 exf4 42. gxf4 Ra3 43. Rxb7 Qa8 0-1


[Site "https://www.chess.com"]

[Event "Titled Tuesday Blitz March 21 Early 2023"]
[White "Bilan, Danila"]
[Black "Friedel, Tom"]
[WhiteFideId "24161918"]
[BlackFideId "2002108"]
[WhiteElo "2182"]
[BlackElo "2309"]
[Result "0-1"]
[Round "05"]
[TimeControl "180+2"]
[Date "2023.03.21"]
[WhiteClock "0:00:03"]
[BlackClock "0:00:14"]

1. d4 d5 2. Nf3 Nf6 3. c4 e6 4. Nc3 Be7 5. Bg5 O-O 6. e3 Nbd7 7. Bd3 h6 8. Bh4 b6 9. cxd5 exd5 10. Ne5 Nxe5 11. dxe5 Ng4 12. Bg3 Bh4 13. Nxd5 Bxg3 14. hxg3 Nxe5 15. Be2 Bb7 16. Nf4 Qxd1+ 17. Rxd1 Rad8 18. O-O c5 19. f3 Rfe8 20. e4 Kf8 21. Kf2 Nc6 22. Bb5 Rxd1 23. Rxd1 Rd8 24. Rxd8+ Nxd8 25. Ke3 Ke7 26. Nh5 g6 27. Nf4 a6 28. Ba4 b5 29. Bc2 Ne6 30. Ne2 g5 31. f4 f6 32. Bb3 Kd6 33. a3 c4 34. Bc2 Nc5 35. Nd4 Bc8 36. Bb1 Bd7 37. Bc2 a5 38. Bb1 b4 39. axb4 axb4 40. Bc2 Na6 41. Bd1 Nc5 42. Be2 Na4 43. Bxc4 Nxb2 44. Bb3 Na4 45. Bxa4 Bxa4 46. Nf5+ Kc5 47. Nxh6 b3 48. Kd2 Kd4 49. Kc1 Kc3 50. e5 b2+ 51. Kb1 Bc2+ 0-1


[Site "https://www.chess.com"]

[Event "Titled Tuesday Blitz March 21 Early 2023"]
[White "Kraus, Tomas"]
[Black "Tymrakiewicz, Rafal"]
[WhiteFideId "331708"]
[BlackFideId "1108832"]
[WhiteElo "2389"]
[BlackElo "2151"]
[Result "1/2-1/2"]
[Round "05"]
[TimeControl "180+2"]
[Date "2023.03.21"]
[WhiteClock "0:00:21"]
[BlackClock "0:00:53"]

1. e4 Nf6 2. e5 Nd5 3. c4 Nb6 4. c5 Nd5 5. Nc3 c6 6. d4 b6 7. cxb6 Qxb6 8. Bc4 e6 9. Nf3 Ba6 10. Qe2 Bxc4 11. Qxc4 Qa6 12. Qxa6 Nxa6 13. O-O Nxc3 14. bxc3 Rb8 15. Be3 Ba3 16. Rab1 Bb2 17. c4 O-O 18. Bc1 Bxc1 19. Rfxc1 c5 20. d5 Rfc8 21. a3 Nc7 22. d6 Na8 23. Ne1 Rxb1 24. Rxb1 Nb6 25. Rc1 Na4 26. Rb1 Nb6 27. Rc1 Rb8 28. Rb1 Rc8 1/2-1/2


[Site "https://www.chess.com"]

[Event "Titled Tuesday Blitz March 21 Early 2023"]
[White "Shukhman, Anna"]
[Black "Shvedova, Alexandra"]
[WhiteFideId "54180058"]
[BlackFideId "54154782"]
[WhiteElo "2125"]
[BlackElo "2057"]
[Result "1-0"]
[Round "05"]
[TimeControl "180+2"]
[Date "2023.03.21"]
[WhiteClock "0:00:31"]
[BlackClock "0:00:02"]

1. e4 e5 2. Nf3 Nc6 3. Bb5 Nf6 4. O-O Nxe4 5. Re1 Nd6 6. Nxe5 Nxe5 7. Rxe5+ Be7 8. Bf1 O-O 9. d4 Bf6 10. Re1 Nf5 11. c3 d5 12. Bf4 c6 13. Nd2 Be6 14. Bd3 Re8 15. Qh5 g6 16. Qf3 Bg7 17. Be5 Qd7 18. a4 Nd6 19. a5 Bf5 20. Bxf5 Nxf5 21. Nb3 b6 22. Bxg7 Kxg7 23. h3 Nd6 24. axb6 axb6 25. Nd2 Qc7 26. Qg3 Rxa1 27. Rxa1 Re2 28. Nf1 Rxb2 29. Ne3 Qd7 30. Ng4 Re2 31. Qh4 Ne8 32. Ra8 h5 33. Ne3 Nf6 34. Qg3 Re1+ 35. Kh2 Rc1 36. Qb8 Ne8 37. Qxe8 Qxe8 38. Rxe8 Rxc3 39. Rc8 b5 40. Nxd5 Rc4 41. Ne7 Rxd4 42. Rxc6 Kf8 43. Nc8 b4 44. Rb6 Ke8 45. Na7 Kd7 46. Rb7+ Ke6 47. Nc6 Rd2 48. f3 Rc2 49. Nd4+ 1-0


[Site "https://www.chess.com"]

[Event "Titled Tuesday Blitz March 21 Early 2023"]
[White "Dudzinski, Pawel"]
[Black "Hercegovac, Neven"]
[WhiteFideId "1117890"]
[BlackFideId "2839135"]
[WhiteElo "2099"]
[BlackElo "2075"]
[Result "1-0"]
[Round "05"]
[TimeControl "180+2"]
[Date "2023.03.21"]
[WhiteClock "0:00:47"]
[BlackClock "0:00:16"]

1. e4 e6 2. d4 d5 3. Nd2 c5 4. Ngf3 cxd4 5. Nxd4 Nc6 6. Nxc6 bxc6 7. Bd3 Nf6 8. O-O Bd6 9. Qe2 Qc7 10. g3 O-O 11. Re1 e5 12. c3 Bb7 13. Ba6 Bxa6 14. Qxa6 Rab8 15. Qe2 h6 16. Kg2 Rfe8 17. f3 a5 18. Nf1 a4 19. Ne3 g6 20. Ng4 Nxg4 21. fxg4 Kg7 22. h4 a3 23. b3 d4 24. Bd2 c5 25. Rf1 Qb7 26. Rf3 Rf8 27. Raf1 Qb5 28. c4 Qb7 29. Kf2 f6 30. Ke1 Rf7 31. Kd1 Rbf8 32. Kc2 Qd7 33. R3f2 f5 34. gxf5 gxf5 35. exf5 Rxf5 36. Qg4+ Kh8 37. Rxf5 Rg8 38. Qe4 Rxg3 39. Rf7 1-0


[Site "https://www.chess.com"]

[Event "Titled Tuesday Blitz March 21 Early 2023"]
[White "Bas Mas, Jose Joaquin"]
[Black "victormago"]
[WhiteFideId "22219064"]
[WhiteElo "2233"]
[BlackElo "2284"]
[Result "1-0"]
[Round "05"]
[TimeControl "180+2"]
[Date "2023.03.21"]
[WhiteClock "0:00:04"]
[BlackClock "0:00:01"]

1. e4 c5 2. Nc3 d6 3. f4 g6 4. Nf3 Bg7 5. Bb5+ Bd7 6. Bc4 e6 7. O-O Ne7 8. d3 O-O 9. Qe1 Bc6 10. f5 d5 11. Bb3 c4 12. dxc4 dxe4 13. Ng5 gxf5 14. Be3 Ng6 15. Rd1 Qe7 16. Nb5 f4 17. Rxf4 Nxf4 18. Bxf4 Bxb5 19. cxb5 h6 20. Nxe4 e5 21. Be3 b6 22. Qg3 Kh7 23. Bd5 Nd7 24. Bxa8 Rxa8 25. Qh3 Nf8 26. Bg5 Qe6 27. Qh5 Qg6 28. Qh4 Rc8 29. Rf1 Rxc2 30. h3 Re2 31. Ng3 Rxb2 32. Be7 Ne6 33. Qg4 Qxg4 34. hxg4 Nf4 35. Rf2 Rxf2 36. Kxf2 Kg6 37. Bd6 f6 38. Bb8 Nd3+ 39. Ke2 Nb4 40. a3 Nc2 41. a4 Nd4+ 42. Kd3 Nb3 43. Bxa7 Nc5+ 44. Kc4 Nxa4 45. Ne4 h5 46. gxh5+ Kxh5 47. Nd6 f5 48. Nxf5 Bf8 49. Ne3 Bc5 50. Nd5 Nb2+ 51. Kb3 Nd3 52. Bxb6 Bxb6 53. Nxb6 Kg4 54. Kc4 e4 55. Nd5 1-0


[Site "https://www.chess.com"]

[Event "Titled Tuesday Blitz March 21 Early 2023"]
[White "Hernandez Leon, Alberto"]
[Black "Kubatko, Ivan"]
[WhiteFideId "2272555"]
[BlackFideId "24111473"]
[WhiteElo "2239"]
[BlackElo "2285"]
[Result "0-1"]
[Round "05"]
[TimeControl "180+2"]
[Date "2023.03.21"]
[WhiteClock "0:00:02"]
[BlackClock "0:00:04"]

1. d4 d5 2. c4 e6 3. Nf3 c5 4. cxd5 exd5 5. g3 Nc6 6. Bg2 Nf6 7. O-O Be7 8. Nc3 O-O 9. Bg5 c4 10. Ne5 Be6 11. Nxc6 bxc6 12. Qc2 h6 13. Bxf6 Bxf6 14. Rad1 Rb8 15. e4 Qb6 16. e5 Be7 17. Rd2 f6 18. f4 fxe5 19. fxe5 Bg5 20. Na4 Rxf1+ 21. Bxf1 Qa5 22. Rd1 Bg4 23. Rb1 Be3+ 24. Kg2 Bxd4 25. b3 Rf8 26. bxc4 Bf3+ 27. Kh3 Qd8 28. Qg6 Qc8+ 29. g4 Be4 30. Qh5 Bxb1 31. cxd5 cxd5 32. Bg2 Be4 33. Bxe4 dxe4 34. Qg6 Qe8 35. Qd6 Qf7 36. Qd5 Qxd5 0-1


[Site "https://www.chess.com"]

[Event "Titled Tuesday Blitz March 21 Early 2023"]
[White "Devaev, Alexander"]
[Black "Rodriguez Santiago, Jaime"]
[WhiteFideId "4169395"]
[BlackFideId "3100898"]
[WhiteElo "2225"]
[BlackElo "2025"]
[Result "1-0"]
[Round "05"]
[TimeControl "180+2"]
[Date "2023.03.21"]
[WhiteClock "0:00:22"]
[BlackClock "0:00:28"]

1. d4 Nf6 2. c4 e6 3. Nc3 d5 4. Bg5 c6 5. e3 Nbd7 6. Nf3 Qa5 7. Nd2 dxc4 8. Bxf6 Nxf6 9. Nxc4 Qc7 10. Bd3 Be7 11. Qc2 O-O 12. O-O h6 13. Rac1 Rd8 14. Ne4 Nxe4 15. Bxe4 Bf6 16. Qe2 Qe7 17. Bb1 g6 18. f4 Bg7 19. Ne5 Bd7 20. a3 Be8 21. Ba2 Rac8 22. Rc2 c5 23. Rfc1 b6 24. b4 c4 25. Bxc4 Bxe5 26. fxe5 Ba4 27. Rc3 Qg5 28. Ba6 Rb8 29. Rc7 Be8 30. Qf2 b5 31. Bb7 Rd7 32. Be4 Rxc7 33. Rxc7 Rd8 34. Qf3 h5 35. g3 h4 36. Qf4 Qxf4 37. gxf4 a5 38. bxa5 Rb8 39. a6 b4 40. axb4 Rxb4 41. a7 Ra4 42. a8=Q Rxa8 43. Bxa8 1-0


[Site "https://www.chess.com"]